Map: Lightshade LE

Players

MissFanta (ThuocLao)

  • Race: Protoss Protoss
  • Spawn Location: 5:00

RazerBlader - Winner!

  • Race: Terran Terran
  • Spawn Location: 11:00

Event: DreamHack SC2 Masters 2020 Winter

VOD

Have the link to the VOD?

Description

Time

  • Played on: Oct. 9, 2020, 11:35 p.m.
  • Length: 10:58

All games in this series

Show
View Real Time Build Order
Export as new Build Order

MissFanta Protoss 

Build Orders: 1 Gate Expand, Colossus Rush 

Get SALT Encoding   

  12  0:00  Probe  
  13  0:12  Probe  
  14  0:16  Pylon  
  14  0:24  Probe  
  15  0:36  Gateway  
  15  0:38  Probe (Chrono Boost)  
  16  0:44  Assimilator  
  16  0:47  Probe (Chrono Boost)  
  17  0:52  Probe (Chrono Boost)  
  18  1:04  Probe  
  19  1:23  Nexus  
  19  1:29  Cybernetics Core  
  19  1:32  Probe  
  20  1:39  Pylon  
  20  1:45  Probe  
  21  1:53  Assimilator  
  21  1:57  Probe  
  22  2:05  Stalker (Chrono Boost)  
  23  2:09  Probe  
  23  2:11  Warp Gate  
  24  2:22  Probe  
  25  2:29  Stalker  
  27  2:34  Probe (Chrono Boost)  
  28  2:42  Probe (Chrono Boost)  
  30  2:44  Gateway  
  30  2:45  Probe (Chrono Boost)  
  30  2:47  Robotics Facility  
  30  2:50  Probe (Chrono Boost)  
  31  2:51  Probe (Chrono Boost)  
  32  3:00  Probe  
  32  3:01  Probe  
  34  3:08  Pylon  
  34  3:10  Stalker  
  34  3:12  Probe  
  37  3:14  Probe  
  38  3:24  Probe  
  38  3:26  Probe  
  40  3:28  Assimilator  
  40  3:31  Gateway  
  40  3:35  Observer (Chrono Boost)  
  40  3:38  Robotics Bay  
  40  3:40  Probe  
  42  3:46  Probe  
  43  3:49  Pylon  
  43  3:50  Observer  
  43  3:51  Assimilator  
  43  3:52  Probe  
  45  3:58  Probe  
  46  4:03  Shield Battery  
  46  4:05  Probe  
  47  4:10  Probe  
  48  4:19  Pylon, Nexus  
  48  4:21  Probe  
  48  4:30  Twilight Council  
  48  4:37  Colossus  
  54  4:42  Stalker  
  56  4:49  Observer  
  56  4:52  Stalker  
  57  4:53  Blink (Chrono Boost)  
  57  5:11  Probe  
  58  5:17  Forge  
  58  5:18  Gateway x2  
  58  5:21  Probe  
  58  5:23  Probe  
  60  5:28  Colossus (Chrono Boost), Protoss Ground Weapons Level 1 (Chrono Boost)  
  60  5:33  Probe  
  66  5:40  Probe (Chrono Boost)  
  66  5:41  Pylon  
  68  5:43  Probe (Chrono Boost)  
  68  5:47  Shield Battery  
  68  5:49  Zealot  
  71  5:51  Probe (Chrono Boost)  
  71  5:58  Sentry  
  71  5:59  Zealot  
  71  6:01  Probe  
  71  6:02  Probe  
  77  6:04  Probe  
  77  6:07  Gateway  
  77  6:10  Gateway  
  78  6:23  Zealot x2  
  78  6:24  Zealot  
  84  6:26  Stalker  
  84  6:29  Probe x2  
  88  6:34  Probe  
  88  6:36  Pylon  
  88  6:37  Charge (Chrono Boost)  
  88  6:38  Pylon  
  89  6:41  Probe  
  89  6:46  Stalker  
  92  6:49  Extended Thermal Lance  
  92  6:54  Probe  
  92  6:55  Probe  
  92  6:56  Gateway  
  92  6:57  Pylon x2  
  94  7:02  Pylon  
  94  7:04  Probe  
  94  7:07  Probe x2  
  97  7:12  Gateway, Forge  
  97  7:14  Gateway  
  97  7:19  Templar Archives  
  97  7:20  Probe  
  98  7:25  Zealot x2  
  102  7:34  Zealot x3  
  101  7:37  Disruptor  
  83  7:52  Zealot x4  
  80  8:04  Probe  
  78  8:06  Pylon  
  78  8:08  Zealot x3  
  84  8:14  High Templar x2  
  84  8:18  Stalker  
  84  8:19  Stalker x2  
  91  8:29  Archon  
  91  8:31  Zealot x2  
  94  8:39  Probe  
  93  8:44  Pylon  
  93  8:45  Pylon  
  85  8:53  Probe x2  
  85  8:55  Probe  
  88  8:56  Stalker x5  
  96  9:05  Probe  
  96  9:06  Zealot x2  
  95  9:11  Observer  
  95  9:17  Probe x2  
  98  9:21  Observer  
  98  9:24  Zealot x5  
  100  9:28  Stalker x2  
  110  9:36  Probe  
  111  9:38  Probe  
  111  9:48  Stalker x2  
  111  9:49  Stalker x2  
  119  9:57  Disruptor (Chrono Boost)  
  119  10:00  Probe  
  119  10:05  Assimilator  
  123  10:10  Assimilator  
  123  10:13  Zealot x2  
  123  10:14  Zealot x3  
  101  10:27  Zealot x2  
  85  10:34  Zealot  
  85  10:35  Zealot x4  
  65  10:48  Stalker x2  
Show
View Real Time Build Order
Export as new Build Order

RazerBlader Terran - Winner!

Build Orders: Reaper Expand 

Get SALT Encoding   

  12  0:00  SCV  
  13  0:12  SCV  
  14  0:17  Supply Depot  
  14  0:25  SCV  
  15  0:38  SCV  
  15  0:40  Barracks  
  16  0:44  Refinery  
  16  0:51  SCV  
  17  1:03  SCV  
  18  1:15  SCV  
  19  1:28  Reaper, Orbital Command  
  20  1:49  Command Center  
  20  1:54  Supply Depot  
  20  1:56  SCV  
  20  2:00  Marine  
  22  2:12  SCV  
  23  2:16  Factory  
  23  2:18  Marine  
  24  2:23  Bunker  
  24  2:25  SCV  
  25  2:33  Refinery  
  25  2:37  SCV, Barracks Reactor  
  26  2:49  SCV  
  27  3:01  SCV, Orbital Command  
  27  3:02  Starport  
  27  3:04  Hellion  
  30  3:13  SCV, Marine x2  
  33  3:23  Supply Depot  
  33  3:26  Widow Mine  
  35  3:27  SCV  
  35  3:28  SCV  
  35  3:32  Marine  
  38  3:38  Medivac  
  38  3:40  SCV x2  
  38  3:41  Marine  
  43  3:48  Factory Tech Lab  
  43  3:50  Supply Depot, Marine  
  43  3:52  SCV  
  43  3:53  SCV  
  46  3:59  Marine  
  47  4:04  SCV  
  47  4:05  SCV  
  49  4:14  Factory Tech Lab  
  49  4:16  SCV, Marine x2  
  52  4:17  Raven  
  52  4:19  Barracks  
  52  4:20  SCV  
  52  4:22  Supply Depot  
  55  4:28  SCV  
  55  4:31  Barracks  
  56  4:33  Siege Tank  
  56  4:36  Marine x2  
  56  4:37  SCV  
  62  4:46  SCV  
  62  4:54  Marine x2  
  62  4:55  SCV  
  62  4:57  Refinery  
  62  4:58  SCV  
  62  4:59  Engineering Bay, Refinery  
  64  5:07  SCV  
  64  5:12  SCV, Marine  
  64  5:14  Stimpack, Marauder  
  69  5:16  Supply Depot  
  69  5:17  Marine  
  70  5:28  Combat Shield  
  70  5:30  Starport Reactor, Supply Depot  
  70  5:33  SCV x2  
  70  5:34  Marauder  
  74  5:38  Terran Infantry Weapons Level 1  
  74  5:39  Marine x2  
  74  5:41  Marauder  
  78  5:46  SCV x2  
  78  5:47  Supply Depot, Factory Reactor  
  80  5:58  SCV x2, Marauder, Marine x2  
  80  6:02  Supply Depot  
  88  6:04  Marauder  
  88  6:08  Medivac  
  88  6:09  Medivac  
  88  6:10  SCV  
  93  6:16  SCV  
  93  6:18  Supply Depot, Marine  
  94  6:19  Marine  
  94  6:21  Marauder  
  94  6:22  SCV  
  94  6:24  Widow Mine  
  94  6:25  Widow Mine  
  103  6:27  Marauder  
  103  6:30  SCV  
  106  6:36  SCV  
  106  6:38  Marine x2  
  109  6:40  Medivac  
  109  6:41  Medivac  
  109  6:42  Marauder  
  113  6:49  Marauder  
  113  6:53  Command Center  
  115  6:57  Concussive Shells  
  115  6:58  Marine  
  116  7:04  Marauder  
  118  7:10  SCV, Marine  
  118  7:11  Barracks  
  118  7:13  Barracks  
  118  7:14  Supply Depot  
  120  7:20  Marauder, Marine  
  123  7:25  Marauder  
  123  7:27  Marine  
  126  7:32  Terran Infantry Armor Level 1  
  126  7:33  Widow Mine  
  126  7:35  SCV  
  121  7:38  Armory, Marine  
  121  7:39  Engineering Bay  
  121  7:42  Marauder  
  121  7:43  Medivac x2  
  121  7:45  Marine  
  121  7:46  Marauder  
  110  7:55  Widow Mine  
  110  7:56  Marine  
  107  7:59  Widow Mine  
  107  8:03  Marauder, Marine  
  111  8:08  Marauder, Orbital Command  
  111  8:10  Barracks Reactor, Barracks Tech Lab  
  113  8:13  Marine  
  114  8:21  Marine  
  114  8:24  Marauder  
  114  8:28  Marauder  
  114  8:29  Marine  
  114  8:30  SCV x2, Terran Infantry Weapons Level 2  
  114  8:34  Refinery, Marine  
  118  8:35  Supply Depot  
  118  8:39  Marine  
  117  8:42  SCV x2  
  117  8:46  Marauder  
  117  8:47  Marauder, Marine  
  118  8:49  Marauder  
  118  8:54  Marine  
  119  8:57  Marine  
  119  8:58  Liberator x2  
  124  9:05  Marine  
  124  9:07  Marauder  
  124  9:08  Marauder  
  124  9:09  Marine  
  125  9:11  Marauder  
  125  9:14  Marine  
  125  9:16  SCV  
  126  9:17  SCV, Marine  
  126  9:23  Marine  
  128  9:25  Widow Mine x2  
  128  9:29  Marauder, Marine  
  128  9:30  Marauder  
  136  9:32  Marauder  
  136  9:36  Marine x2  
  135  9:41  Marine  
  135  9:42  SCV x2  
  135  9:45  SCV  
  139  9:50  Marauder, Liberator  
  139  9:51  Marauder  
  144  9:59  Liberator  
  145  10:03  Marine x2  
  145  10:04  Marauder  
  149  10:10  Marine  
  149  10:11  Marauder, Marine  
  149  10:13  Marauder  
  146  10:17  Ghost Academy  
  146  10:21  Marine x2  
  138  10:25  Marauder  
  138  10:27  Marine  
  127  10:28  Marine  
  127  10:33  Marauder, Marine  
  129  10:36  SCV  
  129  10:39  SCV, Marine x2  
Tags
 
Add a new tag
Caveats
  • Supply blocks, unpowered buildings, or Contaminate may cause inaccurate times.
  • Supply counts are checked every 10 seconds.